[Event "Titled Tuesday Blitz July 18 Early 2023"]
[White "He, Anthony"]
[Black "Movahed, Sina"]
[WhiteFideId "2088215"]
[BlackFideId "42520835"]
[WhiteElo "2977"]
[BlackElo "2998"]
[Result "0-1"]
[Round "10"]
[TimeControl "180+2"]
[Date "2023.07.18"]
[WhiteClock "0:00:00"]
[BlackClock "0:00:20"]
[Board "5"]

1. e4 c5 2. Nf3 d6 3. d4 cxd4 4. Nxd4 Nf6 5. Nc3 a6 6. h3 g6 7. g4 Nc6 8. Be3 Nxd4 9. Bxd4 Bh6 10. Qf3 O-O 11. Bc4 b5 12. Bb3 Bb7 13. a3 Rc8 14. Bxf6 exf6 15. Rd1 Qe7 16. O-O Rc5 17. Bd5 Bc8 18. Rfe1 Be6 19. Qg3 Rd8 20. Rd3 a5 21. Bb3 b4 22. axb4 axb4 23. Nd5 Bxd5 24. Rxd5 Rxd5 25. Bxd5 Rc8 26. Qb3 Kg7 27. Ra1 Bf4 28. Qxb4 Rxc2 29. Qb8 Be3 30. Ra8 Rxf2 31. Kh1 Rf1+ 32. Kg2 Rf2+ 33. Kh1 Kh6 34. h4 f5 35. g5+ Kh5 36. Qb3 Qe5 37. Qd1+ Kxh4 38. Qg1 Qg3 39. Qxg3+ Kxg3 0-1


[Site "https://www.chess.com"]

[Event "Titled Tuesday Blitz July 18 Early 2023"]
[White "Bortnyk, Olexandr"]
[Black "Galchenko, Matvey"]
[WhiteFideId "14120828"]
[BlackFideId "24175480"]
[WhiteElo "3029"]
[BlackElo "2879"]
[Result "0-1"]
[Round "10"]
[TimeControl "180+2"]
[Date "2023.07.18"]
[WhiteClock "0:00:00"]
[BlackClock "0:00:04"]
[Board "6"]

1. e4 e6 2. d4 d5 3. e5 c5 4. Nf3 cxd4 5. Bd3 Nc6 6. O-O Qc7 7. Bf4 Nge7 8. Re1 Ng6 9. Bg3 Bb4 10. Nbd2 a5 11. a3 Bc5 12. Nb3 Bb6 13. a4 Bd7 14. h4 Nge7 15. h5 h6 16. Qd2 Nb4 17. Nbxd4 Nxd3 18. cxd3 Bc5 19. Qf4 Qb6 20. Rec1 O-O 21. Bh4 Nf5 22. Nxf5 exf5 23. d4 Bb4 24. Ne1 Rac8 25. Nc2 Rc4 26. b3 Rc3 27. Ne3 Be6 28. Bf6 Rfc8 29. Rxc3 Rxc3 30. Qg3 Bf8 31. Rd1 Rxb3 32. Bh4 Rb4 33. Qf4 Rxa4 34. Bg3 Rb4 35. Nxf5 Bxf5 36. Qxf5 Rxd4 37. Rxd4 Qxd4 38. e6 Qe4 39. Qxf7+ Kh7 40. Qxf8 Qxe6 41. Qc5 b6 42. Qc2+ Kg8 43. Qc3 Qe8 44. Qd4 Qxh5 0-1


[Site "https://www.chess.com"]

[Event "Titled Tuesday Blitz July 18 Early 2023"]
[White "Kramnik, Vladimir"]
[Black "Donchenko, Alexander"]
[WhiteFideId "4101588"]
[BlackFideId "24603295"]
[WhiteElo "2988"]
[BlackElo "2869"]
[Result "1-0"]
[Round "10"]
[TimeControl "180+2"]
[Date "2023.07.18"]
[WhiteClock "0:00:03"]
[BlackClock "0:00:00"]
[Board "7"]

1. e4 c5 2. Nf3 d6 3. d4 cxd4 4. Nxd4 Nf6 5. Nc3 a6 6. Bc4 e6 7. Be3 Be7 8. Bb3 O-O 9. g4 Nc6 10. g5 Nd7 11. h4 Nc5 12. Nxc6 bxc6 13. Bxc5 dxc5 14. Qe2 Rb8 15. Rd1 Qc7 16. g6 fxg6 17. h5 g5 18. h6 g6 19. e5 c4 20. Bxc4 Rxb2 21. Kf1 Qa5 22. Rh3 g4 23. Qxg4 Rxc2 24. Bxe6+ Kh8 25. Rf3 Rxf3 26. Qxf3 Bxe6 27. Ne4 Bd5 28. Qf4 Qb4 29. e6 Qb2 30. Qf7 Qb8 31. Qxe7 Qg8 32. Qf6+ 1-0


[Site "https://www.chess.com"]

[Event "Titled Tuesday Blitz July 18 Early 2023"]
[White "Oparin, Grigoriy"]
[Black "Bacrot, Etienne"]
[WhiteFideId "24125890"]
[BlackFideId "605506"]
[WhiteElo "2984"]
[BlackElo "2860"]
[Result "1-0"]
[Round "10"]
[TimeControl "180+2"]
[Date "2023.07.18"]
[WhiteClock "0:00:12"]
[BlackClock "0:00:00"]
[Board "8"]

1. Nf3 d5 2. e3 Nf6 3. c4 e6 4. b3 b6 5. Bb2 Bb7 6. Rg1 Nbd7 7. g4 c5 8. g5 Ne4 9. d3 Nd6 10. Nc3 Qc7 11. Rc1 dxc4 12. bxc4 h6 13. g6 f6 14. Qe2 Be7 15. e4 O-O 16. Bh3 f5 17. e5 Bxf3 18. Qxf3 Nxe5 19. Qe2 Bf6 20. f4 Nxd3+ 21. Qxd3 Ne4 22. Qf3 Rad8 23. Rg2 Rd4 24. Nb5 Qd7 25. Nxd4 cxd4 26. Rd1 Rd8 27. Kf1 Qa4 28. Qb3 Qa5 29. Re2 Qc5 30. Bg2 Qc7 31. Bxe4 fxe4 32. Rxe4 e5 33. f5 1-0


[Site "https://www.chess.com"]

[Event "Titled Tuesday Blitz July 18 Early 2023"]
[White "Pranav, V"]
[Black "KhalilMousavi98"]
[WhiteFideId "25060783"]
[WhiteElo "2959"]
[BlackElo "2834"]
[Result "1-0"]
[Round "10"]
[TimeControl "180+2"]
[Date "2023.07.18"]
[WhiteClock "0:00:49"]
[BlackClock "0:00:01"]
[Board "9"]

1. e4 c5 2. Nf3 e6 3. d4 cxd4 4. Nxd4 Nf6 5. Nc3 Nc6 6. a3 Qc7 7. Be2 a6 8. O-O Nxd4 9. Qxd4 Bc5 10. Qd3 h5 11. Be3 Bxe3 12. Qxe3 d6 13. Rad1 b5 14. Qg3 Ke7 15. Bf3 h4 16. Qg5 Bb7 17. Rfe1 Rad8 18. h3 Qc5 19. e5 dxe5 20. Bxb7 Rxd1 21. Rxd1 Rh5 22. Qd2 Qb6 23. Bf3 Rf5 24. Bc6 Qc7 25. Ne4 Nxe4 26. Qd7+ Qxd7 27. Rxd7+ Kf6 28. Bxe4 Rf4 29. f3 Kg5 30. Rd6 f5 31. Bd3 e4 32. fxe4 fxe4 33. Be2 Kf6 34. Bg4 Ke5 35. Rxe6+ Kd4 36. Rxa6 e3 37. Rd6+ Ke5 38. Re6+ Kd4 39. Be2 1-0


[Site "https://www.chess.com"]

[Event "Titled Tuesday Blitz July 18 Early 2023"]
[White "Jones, Gawain C B"]
[Black "Bachmann, Axel"]
[WhiteFideId "409561"]
[BlackFideId "3700488"]
[WhiteElo "2929"]
[BlackElo "2820"]
[Result "1/2-1/2"]
[Round "10"]
[TimeControl "180+2"]
[Date "2023.07.18"]
[WhiteClock "0:00:05"]
[BlackClock "0:00:07"]
[Board "10"]

1. Nf3 Nf6 2. c4 e6 3. g3 d5 4. Bg2 dxc4 5. Qa4+ Nbd7 6. O-O a6 7. Qxc4 b5 8. Qc2 Bb7 9. a4 c5 10. Na3 Be7 11. d3 O-O 12. Bd2 Bc6 13. Rfc1 Qb6 14. Be3 Nd5 15. Bg5 Bxg5 16. Nxg5 Nb4 17. Qd2 Bxg2 18. Kxg2 Rac8 19. axb5 axb5 20. Nc2 Qb7+ 21. Kg1 Nc6 22. Ne4 h6 23. Nd6 Qb8 24. Nxc8 Rxc8 25. b4 cxb4 26. Nxb4 Nd4 27. Qe3 Rxc1+ 28. Rxc1 Qd6 29. Rc8+ Kh7 30. Nc2 Nb6 31. Qe4+ f5 32. Qxd4 Qxd4 33. Nxd4 Nxc8 34. Nxb5 Kg6 35. f4 Kf6 36. Kf2 g5 37. Ke3 Ne7 38. Nc7 Nc6 39. Nb5 Nb4 40. Nc3 Nc2+ 41. Kf2 e5 42. fxe5+ Kxe5 43. e3 g4 44. d4+ Ke6 45. Ne2 Kd5 46. Nf4+ Ke4 47. d5 Ke5 48. h3 Nb4 49. hxg4 fxg4 50. e4 Kxe4 51. d6 Nc6 52. d7 Kf5 53. Nd5 Ke6 54. Nb6 Ke7 55. Ke3 h5 56. Kf4 Nd4 57. Kg5 Ne2 58. Kh4 Kd8 59. Nd5 Kxd7 60. Nf6+ Ke6 61. Nxh5 Nxg3 62. Kxg4 1/2-1/2


[Site "https://www.chess.com"]

[Event "Titled Tuesday Blitz July 18 Early 2023"]
[White "Dzhumagaliev, Yan"]
[Black "Antipov, Mikhail Al."]
[WhiteFideId "24100110"]
[BlackFideId "4107012"]
[WhiteElo "2776"]
[BlackElo "2921"]
[Result "0-1"]
[Round "10"]
[TimeControl "180+2"]
[Date "2023.07.18"]
[WhiteClock "0:00:11"]
[BlackClock "0:00:11"]
[Board "11"]

1. Nf3 d5 2. h4 Nf6 3. h5 h6 4. d4 Nc6 5. c4 Bf5 6. Nc3 e6 7. a3 Bd6 8. c5 Be7 9. Bf4 Bg4 10. Ne5 Nxh5 11. Nxc6 bxc6 12. Be5 Nf6 13. Qa4 Qd7 14. f3 Bf5 15. g4 Bg6 16. Qa5 O-O 17. Qxc7 Qxc7 18. Bxc7 Nd7 19. b4 Bf6 20. e3 a5 21. b5 Nxc5 22. b6 Nb7 23. Rc1 a4 24. Na2 Be7 25. Rc3 Rfc8 26. Kd2 f6 27. Bd3 Be8 28. f4 c5 29. dxc5 Nxc5 30. Rxc5 Bxc5 31. b7 Bxa3 32. Rb1 Rab8 33. Bxb8 Rxb8 34. Ba6 Bc5 35. Rc1 Bd6 36. Rc8 Kf7 37. Kd3 a3 38. Nc3 Ke7 39. Kc2 Bd7 40. Rxb8 Bxb8 41. Kb3 Kd6 42. Kxa3 Kc7 43. Kb3 Kb6 44. Bd3 Kxb7 45. Bg6 Kc6 46. Ne2 Kd6 47. Nd4 Ba7 48. Kc3 e5 49. Nf5+ Bxf5 50. gxf5 Bxe3 51. fxe5+ fxe5 52. Kd3 Bg5 53. Ke2 Bf6 54. Kd3 e4+ 55. Ke3 Ke5 56. Ke2 d4 57. Kd2 Bg5+ 0-1


[Site "https://www.chess.com"]

[Event "Titled Tuesday Blitz July 18 Early 2023"]
[White "Zemlyanskii, Ivan"]
[Black "Amilal Munkhdalai"]
[WhiteFideId "24249971"]
[BlackFideId "4903250"]
[WhiteElo "2898"]
[BlackElo "2738"]
[Result "1-0"]
[Round "10"]
[TimeControl "180+2"]
[Date "2023.07.18"]
[WhiteClock "0:00:03"]
[BlackClock "0:00:04"]
[Board "12"]

1. d4 Nf6 2. c4 e6 3. Bf4 b6 4. Nc3 Bb7 5. e3 Bb4 6. Ne2 d6 7. a3 Bxc3+ 8. Nxc3 Nbd7 9. f3 Nh5 10. Be2 Nxf4 11. exf4 Qf6 12. Qd2 a6 13. O-O O-O 14. Rad1 Rad8 15. d5 e5 16. fxe5 Nxe5 17. f4 Nd7 18. Bf3 Rfe8 19. Rfe1 Rxe1+ 20. Rxe1 Rf8 21. Ne4 Qd8 22. Ng3 Bc8 23. Nf5 Re8 24. Nd4 Rxe1+ 25. Qxe1 Bb7 26. g4 Kf8 27. g5 Qe7 28. Qc3 Kg8 29. Nf5 Qf8 30. b4 Bc8 31. Nd4 Nb8 32. Kf2 Qe7 33. h4 h6 34. Qd3 hxg5 35. hxg5 g6 36. Be4 Nd7 37. Nc6 Qe8 38. Qe3 Nf8 39. Nd4 Bd7 40. Kf3 Nh7 41. Qd3 Kg7 42. Qc3 Kg8 43. Qc2 Kg7 44. Ne2 f6 45. gxf6+ Nxf6 46. Nd4 Qh8 47. Qg2 Qh5+ 48. Ke3 Kf7 49. Bf3 Bg4 50. Ne6 Qf5 51. Ng5+ Ke7 52. Be4 Nxe4 53. Qxe4+ Qxe4+ 54. Kxe4 Bf5+ 55. Kd4 Kf6 56. c5 bxc5+ 57. bxc5 Bc2 58. Ne6 dxc5+ 59. Kxc5 Kf5 60. Nxc7 Kxf4 61. d6 Ba4 62. Ne6+ Kf5 63. Nd4+ Kf6 64. Nc6 Ke6 65. Nd4+ Kd7 66. Kd5 g5 67. Ke5 g4 68. Nf5 Bc2 69. Ng3 Bb1 70. Nh5 Bc2 71. Nf6+ Kd8 72. Nxg4 Bb1 73. Ne3 Bd3 74. Nd5 Bb5 75. Nc7 Bf1 76. Kd4 Kd7 77. Kc5 Be2 78. Nd5 Bf1 79. a4 Be2 80. a5 Bf1 81. Nf6+ Kd8 82. Ne4 Kd7 83. Nd2 Bd3 84. Kd5 Be2 85. Nb3 Bf1 86. Nc5+ Kd8 87. Kc6 Kc8 88. d7+ Kd8 89. Nb7+ 1-0


[Site "https://www.chess.com"]

[Event "Titled Tuesday Blitz July 18 Early 2023"]
[White "Matinian, Nikita"]
[Black "Kamsky, Gata"]
[WhiteFideId "24129100"]
[BlackFideId "2000024"]
[WhiteElo "2740"]
[BlackElo "3005"]
[Result "1-0"]
[Round "10"]
[TimeControl "180+2"]
[Date "2023.07.18"]
[WhiteClock "0:00:08"]
[BlackClock "0:00:00"]
[Board "13"]

1. e4 c5 2. Nf3 e6 3. d4 cxd4 4. Nxd4 a6 5. Nc3 b5 6. Bd3 Qb6 7. Nf3 Qc7 8. O-O Bb7 9. Re1 Nf6 10. Bg5 h6 11. Bh4 d6 12. a4 b4 13. Nb1 Be7 14. Nbd2 Nbd7 15. a5 O-O 16. Nc4 d5 17. exd5 Bxd5 18. Ne3 Bb7 19. Bg3 Qc5 20. Nd2 Rad8 21. Qe2 Qc6 22. Nf3 Nc5 23. Ne5 Qc8 24. Bc4 Nfe4 25. Qg4 Bf6 26. Bf4 Rd4 27. Rad1 Rfd8 28. Rxd4 Rxd4 29. Nf5 exf5 30. Bxf7+ Kf8 31. Qh5 Nd7 32. Be6 Nxe5 33. Bxc8 Bxc8 34. Be3 Rc4 35. Qe2 Rc6 36. Rd1 Nf7 37. Bd4 g6 38. Bxf6 Nxf6 39. Rd4 Kg7 40. Rc4 Rxc4 41. Qxc4 Bb7 42. Qxb4 Be4 43. Qb6 Bxc2 44. Qxa6 Nd5 45. Qb7 1-0


[Site "https://www.chess.com"]

[Event "Titled Tuesday Blitz July 18 Early 2023"]
[White "Ter-Sahakyan, Samvel"]
[Black "Svane, Rasmus"]
[WhiteFideId "13302531"]
[BlackFideId "4657101"]
[WhiteElo "2847"]
[BlackElo "2974"]
[Result "0-1"]
[Round "10"]
[TimeControl "180+2"]
[Date "2023.07.18"]
[WhiteClock "0:01:34"]
[BlackClock "0:01:35"]
[Board "14"]

1. d4 d5 2. c4 e6 3. Nf3 a6 4. c5 Nc6 5. Bf4 Nf6 6. Nc3 Nh5 7. e3 h6 8. Bd3 Nxf4 9. exf4 Qf6 10. Ne2 g5 11. g3 gxf4 12. Nxf4 Bd7 13. Nh5 Qe7 14. Qe2 O-O-O 15. O-O e5 16. Nxe5 Nxd4 17. Qe3 Qxe5 0-1


[Site "https://www.chess.com"]

[Event "Titled Tuesday Blitz July 18 Early 2023"]
[White "Morefield, Jason"]
[Black "Ibarra Jerez, Jose Carlos"]
[WhiteFideId "30920825"]
[BlackFideId "2226332"]
[WhiteElo "2769"]
[BlackElo "2936"]
[Result "0-1"]
[Round "10"]
[TimeControl "180+2"]
[Date "2023.07.18"]
[WhiteClock "0:00:05"]
[BlackClock "0:00:19"]
[Board "15"]

1. e4 c5 2. Nf3 Nc6 3. Bb5 e6 4. Bxc6 bxc6 5. O-O Ne7 6. e5 Ng6 7. b3 Be7 8. Bb2 O-O 9. Na3 f6 10. Nc4 fxe5 11. Nfxe5 Nxe5 12. Bxe5 d6 13. Bb2 e5 14. d3 Be6 15. Qd2 Bg5 16. Qa5 Qd7 17. Rae1 Rf6 18. f3 Raf8 19. Bc1 Bh4 20. Re2 Rg6 21. Kh1 Bd8 22. Qe1 Bd5 23. a4 h5 24. Nd2 h4 25. h3 Be6 26. Ne4 Be7 27. Be3 Qd8 28. Nf2 Bg5 29. Bxg5 Qxg5 30. Ne4 Qe7 31. Ref2 Rf4 32. Qe3 Bf5 33. Nd2 d5 34. Re1 Re6 35. Rfe2 Qf6 36. Qxc5 Re7 37. Qe3 Bg6 38. a5 Bh5 39. Kh2 Kh7 40. b4 Rxb4 41. Nb3 Rf4 42. Rf2 e4 43. dxe4 dxe4 44. Rfe2 Bxf3 45. gxf3 Rxf3 46. Qd4 Qf4+ 47. Kg2 Rg3+ 48. Kh2 Rd3+ 49. Kh1 Rxd4 50. Nxd4 e3 51. c3 c5 52. Nc2 Qf3+ 53. Kh2 Qg3+ 54. Kh1 Qxh3+ 55. Rh2 Qf3+ 56. Kg1 Re6 57. Ree2 Rg6+ 58. Rhg2 Rxg2+ 59. Rxg2 h3 60. Rh2 Qd1+ 61. Ne1 Qxe1# 0-1


[Site "https://www.chess.com"]

[Event "Titled Tuesday Blitz July 18 Early 2023"]
[White "Weetik, Vjacheslav"]
[Black "Tasdogen, Dincer"]
[WhiteFideId "4153472"]
[BlackFideId "6367097"]
[WhiteElo "2762"]
[BlackElo "2936"]
[Result "0-1"]
[Round "10"]
[TimeControl "180+2"]
[Date "2023.07.18"]
[WhiteClock "0:00:00"]
[BlackClock "0:00:16"]
[Board "16"]

1. d4 g6 2. e4 Bg7 3. Nf3 c6 4. d5 d6 5. c4 Nf6 6. Nc3 O-O 7. Be2 e5 8. O-O cxd5 9. cxd5 a6 10. a4 Nbd7 11. Be3 Ng4 12. Bg5 f6 13. Bd2 Nh6 14. a5 Nf7 15. Na4 f5 16. Bb4 fxe4 17. Nd2 Nf6 18. Nb6 Rb8 19. Rc1 Bf5 20. Ndc4 Qe7 21. Qb3 Bh6 22. Rc3 Rbd8 23. Ne3 Ne8 24. Rfc1 Bf4 25. Qd1 Qf6 26. R1c2 Bh6 27. Ng4 Bxg4 28. Bxg4 Ng5 29. Nd7 Rxd7 30. Bxd7 Ng7 31. Rc8 Nh5 32. g3 Nf3+ 33. Kg2 Nd4 34. Rxf8+ Bxf8 35. Rc8 Kg7 36. Bg4 Qf7 37. Bc3 Qxd5 38. Bxh5 gxh5 39. Qxh5 e3+ 40. Kh3 Qe6+ 41. Qg4+ Qxg4+ 42. Kxg4 exf2 43. Bxd4 f1=Q 44. Rc7+ Kg6 0-1


[Site "https://www.chess.com"]

[Event "Titled Tuesday Blitz July 18 Early 2023"]
[White "Leiva, Gianmarco"]
[Black "Zhigalko, Sergei"]
[WhiteFideId "3804399"]
[BlackFideId "13502956"]
[WhiteElo "2746"]
[BlackElo "2887"]
[Result "1/2-1/2"]
[Round "10"]
[TimeControl "180+2"]
[Date "2023.07.18"]
[WhiteClock "0:00:09"]
[BlackClock "0:00:07"]
[Board "17"]

1. e4 c5 2. Nf3 Nc6 3. Bb5 Nf6 4. Nc3 Qc7 5. O-O Nd4 6. Re1 a6 7. Bf1 e5 8. h3 Be7 9. a4 O-O 10. Bc4 Rb8 11. d3 d6 12. Bg5 Be6 13. Bxf6 Bxf6 14. Nd5 Qd8 15. a5 Bg5 16. Nxd4 cxd4 17. c3 dxc3 18. bxc3 Kh8 19. Re2 f5 20. Nb6 Bd7 21. Nxd7 Qxd7 22. Rb2 Qc7 23. exf5 Rxf5 24. Qg4 Rbf8 25. Rab1 Qxa5 26. Rxb7 d5 27. Rd7 h5 28. Rxd5 Qxc3 29. Qxh5+ Bh6 30. Qg4 Rxf2 31. Rc5 Qd2 32. Rc8 Rxg2+ 33. Qxg2 Qxg2+ 34. Kxg2 Rxc8 35. Ra1 Rc6 36. Rxa6 Rxa6 37. Bxa6 Be3 38. Kf3 Bd4 39. Ke4 Kh7 40. Bc8 Kh6 41. Bg4 Kg5 42. Kf3 Kh4 43. Ke4 Kg5 44. Kf3 Kh4 45. Ke4 Kg5 1/2-1/2


[Site "https://www.chess.com"]

[Event "Titled Tuesday Blitz July 18 Early 2023"]
[White "Fridman, Daniel"]
[Black "Tica, Sven"]
[WhiteFideId "11600454"]
[BlackFideId "14526948"]
[WhiteElo "2877"]
[BlackElo "2731"]
[Result "0-1"]
[Round "10"]
[TimeControl "180+2"]
[Date "2023.07.18"]
[WhiteClock "0:00:00"]
[BlackClock "0:01:18"]
[Board "18"]

1. d4 g6 2. Nf3 Bg7 3. c4 d6 4. e4 Nd7 5. Nc3 e5 6. Be2 Ne7 7. O-O h6 8. Be3 f5 9. dxe5 Nxe5 10. Nxe5 Bxe5 11. f4 Bg7 12. e5 dxe5 13. Qxd8+ Kxd8 14. Rad1+ Bd7 15. Nd5 Nxd5 16. Rxd5 Kc8 17. fxe5 Bc6 18. Rd2 Bxe5 19. Bd4 Rd8 20. Rfd1 Bxd4+ 21. Rxd4 Rxd4 22. Rxd4 b6 23. Bf3 Kb7 24. Rd7 Re8 25. Kf2 Bxf3 26. gxf3 Kc6 27. Rh7 h5 28. Rg7 Re6 29. b4 a5 30. a3 axb4 31. axb4 Kd6 32. h4 c5 33. b5 Ke5 34. Ke3 Kf6+ 0-1


[Site "https://www.chess.com"]

[Event "Titled Tuesday Blitz July 18 Early 2023"]
[White "Haug, Havard"]
[Black "Timofeev, Artyom"]
[WhiteFideId "1547887"]
[BlackFideId "4140419"]
[WhiteElo "2673"]
[BlackElo "2851"]
[Result "0-1"]
[Round "10"]
[TimeControl "180+2"]
[Date "2023.07.18"]
[WhiteClock "0:00:05"]
[BlackClock "0:00:48"]
[Board "19"]

1. e4 d6 2. d4 Nf6 3. Nc3 g6 4. Bc4 Bg7 5. Qe2 e5 6. dxe5 dxe5 7. Nf3 Nc6 8. Bg5 O-O 9. O-O h6 10. Bh4 Nd4 11. Nxd4 Qxd4 12. Rad1 Qb6 13. Bxf6 Qxf6 14. Nd5 Qd6 15. Qf3 h5 16. h3 Rb8 17. Rd2 c6 18. Rfd1 cxd5 19. Rxd5 Qe7 20. Rd6 Kh7 21. Qg3 b5 22. Bb3 Rb6 23. Rxb6 axb6 24. Qe3 Qc5 25. Rd5 Qxe3 26. fxe3 Ba6 27. Rd7 f5 28. exf5 Rxf5 29. Be6 Rf6 30. Re7 Bb7 31. Rxb7 Rxe6 32. e4 Rc6 33. c3 Kh6 34. Kf2 Bf8 35. Ke2 b4 36. Kd3 bxc3 37. bxc3 Bc5 38. Rd7 Rf6 39. Rd5 Rf2 40. a4 Ra2 41. Rxe5 Rxa4 42. g4 h4 43. Re8 Kg5 44. e5 Ra1 45. Ke4 Re1+ 46. Kd5 Re3 47. e6 Rxh3 48. Ra8 Re3 49. Ra1 h3 0-1


[Site "https://www.chess.com"]

[Event "Titled Tuesday Blitz July 18 Early 2023"]
[White "Harsh Suresh"]
[Black "Hajiyev, Kanan"]
[WhiteFideId "45018464"]
[BlackFideId "13404148"]
[WhiteElo "2848"]
[BlackElo "2581"]
[Result "1-0"]
[Round "10"]
[TimeControl "180+2"]
[Date "2023.07.18"]
[WhiteClock "0:00:26"]
[BlackClock "0:00:17"]
[Board "20"]

1. b3 b6 2. Nf3 Bb7 3. e3 Nf6 4. Bb2 g6 5. d4 Bg7 6. Nbd2 O-O 7. Bd3 c5 8. O-O d6 9. c4 cxd4 10. exd4 d5 11. Re1 e6 12. Rc1 Nc6 13. a3 Rc8 14. c5 a5 15. Bc3 bxc5 16. dxc5 d4 17. Bb2 Qd5 18. Ne4 Rfd8 19. Nd6 Rxd6 20. cxd6 Qxd6 21. Bc4 e5 22. Ng5 Nd8 23. Bd3 Rxc1 24. Qxc1 Bh6 25. h4 Qd5 26. f3 Qxb3 27. Bc4 Qb6 28. Rxe5 Nh5 29. Re8+ Kg7 30. Qd2 f6 31. Qxd4 Qxd4+ 32. Bxd4 Nc6 33. Rg8# 1-0


[Site "https://www.chess.com"]

[Event "Titled Tuesday Blitz July 18 Early 2023"]
[White "Karttunen, Mika"]
[Black "Aravindh, Chithambaram VR."]
[WhiteFideId "502081"]
[BlackFideId "5072786"]
[WhiteElo "2638"]
[BlackElo "2935"]
[Result "1-0"]
[Round "10"]
[TimeControl "180+2"]
[Date "2023.07.18"]
[WhiteClock "0:00:26"]
[BlackClock "0:01:50"]
[Board "21"]

1. e4 c6 2. d4 d5 3. exd5 cxd5 4. Bd3 Nc6 5. c3 g6 6. h3 Bf5 7. Be2 Nf6 8. Nf3 Bg7 9. O-O O-O 10. Be3 Ne4 11. Nbd2 e6 12. Nxe4 Bxe4 13. Nd2 f5 14. f3 f4 15. Bf2 Bf5 16. Nb3 e5 17. dxe5 Nxe5 18. Nd4 h5 19. Qb3 Kh7 20. Rad1 Bd7 21. Qxd5 Qf6 22. Rfe1 Rfe8 23. Bb5 Rad8 24. Qxb7 Rb8 25. Qd5 Bxb5 26. Nxb5 Red8 27. Nd6 Rxb2 28. Ne4 Rxd5 29. Nxf6+ Bxf6 30. Rxd5 Nc4 31. Rd7+ Kh6 32. Bd4 Bh4 33. Bg7+ Kh7 34. Bf6+ Kh6 35. Bxh4 Ne3 36. Bf2 Nf5 37. Rxa7 h4 38. a4 Rc2 39. a5 Rxc3 40. a6 Ra3 41. Ra8 Kg5 42. a7 Ne3 43. Rb8 Rxa7 44. Rxe3 Ra2 45. Re1 Rc2 46. Rb5+ Kh6 47. Bxh4 Rc7 48. Bg5+ Kh7 49. Bxf4 Rf7 50. Bg5 Rd7 51. Re7+ Rxe7 52. Bxe7 Kh6 53. Bg5+ Kh5 54. g4# 1-0


[Site "https://www.chess.com"]

[Event "Titled Tuesday Blitz July 18 Early 2023"]
[White "Anton Guijarro, David"]
[Black "benny_aizenberg"]
[WhiteFideId "2285525"]
[WhiteElo "2911"]
[BlackElo "2657"]
[Result "1-0"]
[Round "10"]
[TimeControl "180+2"]
[Date "2023.07.18"]
[WhiteClock "0:00:15"]
[BlackClock "0:00:01"]
[Board "22"]

1. Nf3 c5 2. e3 Nf6 3. d4 e6 4. Bd3 Nc6 5. O-O d5 6. b3 Be7 7. Bb2 O-O 8. Nbd2 b6 9. dxc5 bxc5 10. e4 Rb8 11. Re1 d4 12. e5 Nd7 13. Qe2 Qc7 14. Qe4 g6 15. Nc4 f5 16. exf6 Nxf6 17. Qe2 Nd5 18. Bc1 Nf4 19. Bxf4 Qxf4 20. Be4 Nd8 21. Nfe5 Qf6 22. Rad1 Nf7 23. Nc6 Rb7 24. Rd3 Ng5 25. Rf1 Rc7 26. N6e5 Nxe4 27. Qxe4 Bb7 28. Qg4 Bd5 29. f3 Qf5 30. Re1 Qxg4 31. Nxg4 Kg7 32. Nge5 Rf5 33. Rd2 Bg5 34. Rde2 Bf4 35. Nd3 Bxc4 36. Nxf4 Rxf4 37. bxc4 Rc6 38. Rxe6 Rxe6 39. Rxe6 Rf5 40. Ra6 Rf7 41. Kf2 Rb7 42. Ke2 Kf7 43. Rc6 Rb2 44. Kd3 Rxa2 45. Rxc5 a5 46. Rc7+ Kf6 47. Rxh7 a4 48. Ra7 Ke5 49. h4 Ra3+ 50. Kd2 Ra1 51. Ra5+ Kf4 52. c5 Ke5 53. c6+ Kd6 54. Ra6 Kc7 55. Kd3 Rd1+ 56. Kc4 Rd2 57. Kd5 Rxc2 58. Ra7+ Kb6 59. Rxa4 Rc5+ 60. Kxd4 Rxc6 61. Rb4+ Kc7 62. Rc4 1-0


[Site "https://www.chess.com"]

[Event "Titled Tuesday Blitz July 18 Early 2023"]
[White "Demidov, Mikhail"]
[Black "Shuvalova, Polina"]
[WhiteFideId "4197143"]
[BlackFideId "24171760"]
[WhiteElo "2908"]
[BlackElo "2669"]
[Result "1-0"]
[Round "10"]
[TimeControl "180+2"]
[Date "2023.07.18"]
[WhiteClock "0:00:05"]
[BlackClock "0:00:00"]
[Board "23"]

1. e4 c6 2. c4 d5 3. cxd5 cxd5 4. exd5 Nf6 5. Nc3 g6 6. Bc4 Bg7 7. Nf3 O-O 8. O-O a6 9. a4 Nbd7 10. d3 b6 11. Re1 Bb7 12. Bf4 Rc8 13. h3 b5 14. axb5 axb5 15. Bxb5 Nxd5 16. Nxd5 Bxd5 17. Ra7 Bc6 18. Bxc6 Rxc6 19. Qa4 Qc8 20. Rxe7 Nc5 21. Qb5 Ne6 22. Be3 Rd6 23. b4 h5 24. Red7 Rxd7 25. Rxd7 Qc2 26. d4 Ra8 27. Kh2 Nf8 28. Rb7 Qe4 29. Rb8 Ra1 30. Qe8 Qb1 31. Ng5 Qf5 32. h4 Rb1 33. Qe4 Qf6 34. Qxb1 Qd6+ 35. g3 Qxb8 36. b5 Nd7 37. Qb3 Qf8 38. b6 Bf6 39. Ne4 Be7 40. Nc5 Nb8 41. b7 Qd8 42. Bf4 Bd6 43. Bxd6 Qxd6 44. Qe3 Kg7 45. Qe5+ Qxe5 46. dxe5 Kf8 47. f4 Ke7 48. Kg2 Kd8 49. Kf3 Kc7 50. Ke4 Kc6 51. Kd4 Kb6 52. Kd5 Kc7 53. Ne4 Kxb7 54. Nd6+ Kc7 55. Nxf7 Kd7 56. Nh8 Nc6 57. Nxg6 Nb4+ 58. Ke4 Ke6 59. f5+ Kf7 60. Nf4 Nc6 61. e6+ Kf6 62. Nxh5+ Ke7 63. g4 Kd6 64. Nf4 Ne5 65. g5 Ng4 66. h5 Ke7 67. h6 Kf8 68. Nd5 Nf2+ 69. Kf4 Nd3+ 70. Ke4 Nc5+ 71. Ke5 Kg8 72. Ne7+ Kh7 73. Nd5 Nd3+ 74. Kd6 Kg8 75. e7 1-0


[Site "https://www.chess.com"]

[Event "Titled Tuesday Blitz July 18 Early 2023"]
[White "Schnaider, Ilan"]
[Black "Vokhidov, Shamsiddin"]
[WhiteFideId "169013"]
[BlackFideId "14204223"]
[WhiteElo "2651"]
[BlackElo "2907"]
[Result "1-0"]
[Round "10"]
[TimeControl "180+2"]
[Date "2023.07.18"]
[WhiteClock "0:01:31"]
[BlackClock "0:01:45"]
[Board "24"]

1. e4 c5 2. Nf3 Nc6 3. Bb5 g6 4. O-O Bg7 5. c3 Nf6 6. Re1 O-O 7. d4 d5 8. e5 Ne4 9. Be3 cxd4 10. cxd4 Qb6 11. Qe2 Bd7 12. Nc3 Nxc3 13. bxc3 Rac8 14. Rab1 Qd8 15. Bd3 Na5 16. Rec1 b6 17. Nd2 Be6 18. f4 Qd7 19. h3 h5 20. Qf3 Bf5 21. Bf2 Nc4 22. Nxc4 dxc4 23. Bxf5 Qxf5 24. g4 hxg4 25. hxg4 Qd3 26. Be3 e6 27. Rb2 g5 28. f5 exf5 29. gxf5 g4 30. Qf4 f6 31. e6 1-0


[Site "https://www.chess.com"]

[Event "Titled Tuesday Blitz July 18 Early 2023"]
[White "Mendez Fortes, Eduardo Jesus"]
[Black "Baskakov, Egor"]
[WhiteFideId "3502376"]
[BlackFideId "24197866"]
[WhiteElo "2641"]
[BlackElo "2860"]
[Result "1/2-1/2"]
[Round "10"]
[TimeControl "180+2"]
[Date "2023.07.18"]
[WhiteClock "0:01:14"]
[BlackClock "0:00:26"]
[Board "25"]

1. e4 c5 2. Nf3 Nf6 3. Nc3 d5 4. exd5 Nxd5 5. Bb5+ Bd7 6. a4 e6 7. O-O Be7 8. Nxd5 exd5 9. d4 c4 10. Bf4 O-O 11. Bxb8 Rxb8 12. Bxd7 Qxd7 13. Re1 Bd6 14. c3 Rfe8 15. Qc2 h6 16. h3 a6 17. Kf1 b5 18. axb5 axb5 19. Rxe8+ Rxe8 20. Re1 Rxe1+ 21. Kxe1 b4 22. Kf1 b3 23. Qe2 Qf5 24. g4 Qb1+ 25. Kg2 Kf8 26. Ne5 g5 27. Nd7+ Kg7 28. Qf3 Bf4 29. Qxd5 Qxb2 30. Qf5 Qc2 31. Qf6+ Kg8 32. Qd8+ Kh7 33. Nf6+ Kg6 34. Nh5 Qe4+ 35. Kg1 1/2-1/2


[Site "https://www.chess.com"]